 Dungeon Crawl Stone Soup version 0.25-a0-780-g622e69b31f (webtiles) character file.

Game seed: 4817158049030253748, levelgen mode: deterministic

468 tilp the Covert (level 6, -3/28 HPs)
             Began as a Spriggan Enchanter on Apr 14, 2020.
             Was an Initiate of Dithmenos.
             Slain by an orc priest
             ... wielding a +2 dagger of flaming
              (7 damage)
             ... on level 4 of the Dungeon.
             The game lasted 00:15:34 (6223 turns).

tilp the Covert (Spriggan Enchanter)                Turns: 6223, Time: 00:15:34

Health: -3/28      AC:  2    Str:  4    XL:     6   Next: 81%
Magic:  2/12       EV: 18    Int: 19    God:    Dithmenos [......]
Gold:   186        SH:  0    Dex: 16    Spells: 3/12 levels left

rFire    . . .     SeeInvis +   b - +1 short sword (venom)
rCold    . . .     Gourm    .   (shield restricted)
rNeg     . . .     Faith    .   n - +0 robe
rPois    .         Spirit   .   (helmet restricted)
rElec    .         Reflect  .   (no cloak)
rCorr    .         Harm     .   (gloves unavailable)
MR       +....                  (boots unavailable)
Stlth    ++++......             (no amulet)
HPRegen  0.09/turn              (no ring)
MPRegen  0.13/turn              (no ring)

@: very slightly contaminated, very quick
A: very small, unfitting armour, see invisible, herbivore, speed 3, slow
metabolism 2
a: Renounce Religion


You were on level 4 of the Dungeon.
You worshipped Dithmenos.
Dithmenos was noncommittal.
You were very hungry.

You visited 1 branch of the dungeon, and saw 4 of its levels.
You also visited: Sewer.

You collected 186 gold pieces.

Inventory:

Hand Weapons
 a - a +2 dagger
 b - a +1 short sword of venom (weapon)
Missiles
 g - 6 atropa-tipped darts
 h - 78 stones (quivered)
Armour
 n - a +0 robe (worn)
Jewellery
 d - an uncursed amulet of faith
Wands
 p - a wand of iceblast (9)
Scrolls
 f - a scroll of teleportation {unknown}
 m - 2 scrolls of remove curse
 o - 2 scrolls of identify
Potions
 e - a potion of mutation {unknown}
 i - a potion of lignification {unknown}
 j - a potion of heal wounds
 k - a potion of stabbing {unknown}
 l - 2 potions of curing {unknown}
 q - a potion of brilliance
Comestibles
 c - 5 rations


   Skills:
 - Level 5.0 Short Blades
 - Level 3.0 Dodging
 - Level 8.0 Stealth
 + Level 3.9 Spellcasting
 + Level 4.6 Hexes


You had 3 spell levels left.
You knew the following spells:

 Your Spells              Type           Power        Failure   Level  Hunger
a - Corona                Hex            ###....      1%          1    None
b - Ensorcelled Hibernat  Hex/Ice        ##....       9%          2    ##.....
c - Confusing Touch       Hex            ###.....     6%          3    ###....
d - Tukima's Dance        Hex            ###.....     6%          3    ###....

Your spell library contained the following spells:

 Spells                   Type           Power        Failure   Level  Hunger
 Dazzling Flash           Conj/Hex       ##....       16%         3    ###....


Dungeon Overview and Level Annotations

Branches:
Dungeon (4/15)              Sewer (visited)
 Temple: D:4-7

Altars:
Dithmenos
Gozag
Nemelex Xobeh
Sif Muna
Yredelemnul
The Shining One

Annotations:
D:3 2 transporters, liluieth's ghost, amateur DrHu
D:4 exclusion: 2 slaves, Sigmund


Innate Abilities, Weirdness & Mutations

You are very small and have problems with some larger weapons.
You are too small for most types of armour.
You have supernaturally acute eyesight. (SInv)
You are a herbivore.
You cover ground extremely quickly.
You need to consume almost no food.


Message History

The orc priest is moderately wounded.
The orc priest hits you with a +2 dagger of flaming.
* * * LOW HITPOINT WARNING * * *
The orc priest burns you.
* * * LOW HITPOINT WARNING * * *
Casting: Ensorcelled Hibernation (safe; 9% risk of failure)
Confirm with . or Enter, or press ? or * to list all spells.
Aiming: Ensorcelled Hibernation (safe; 9% risk of failure)
Press: ? - help, Shift-Dir - straight line, f/p - orc priest
Aim: an orc priest, wielding a +2 dagger of flaming and wearing a +0 scale mail (moderately wounded, very poisoned, chance to defeat MR: 43%)
The orc priest resists with some effort.
The orc priest hits you with a +2 dagger of flaming.
* * * LOW HITPOINT WARNING * * *
The orc priest burns you.
* * * LOW HITPOINT WARNING * * *
You hit the orc priest.
The orc priest looks as sick as possible!
The orc priest is heavily wounded.
The orc priest hits you with a +2 dagger of flaming!
You die...

#........#........#...
#........#........#...
#........#........#...
#........#........+...
#..##..)##........#...
#..##...## ..o.. #...
#..#÷....#...... #...
#..#.....'...... #...
#. +.@o..#....o. #...
##†..######.o #...
#...# #... #....#
#######... +....#
#......... #...##
#......... #...#
#......... #....
#......... +......###


You could see an orc priest.

Vanquished Creatures
  Purgy (Sewer)
  A hound (D:4)
  An orc priest (D:4)
  An orc wizard (D:4)
  A worker ant (D:4)
  Robin (D:2)
  10 adders
  3 gnolls (D:2)
  3 oozes (D:3)
  2 worms
  3 dart slugs
  5 leopard geckos
  10 orcs
  10 bats
  4 giant cockroaches
  14 goblins
  10 hobgoblins
  5 jackals
  3 ball pythons
  5 frilled lizards
  13 kobolds
  6 rats
112 creatures vanquished.

Notes
Turn   | Place    | Note
-------+----------+-------------------------------------------
     0 | D:1      | tilp the Spriggan Enchanter began the quest for the Orb.
     0 | D:1      | Reached XP level 1. HP: 9/9 MP: 5/5
   271 | D:1      | Reached skill level 5 in Stealth
   271 | D:1      | Reached XP level 2. HP: 13/13 MP: 2/6
   326 | D:1      | Learned a level 2 spell: Ensorcelled Hibernation
  1086 | D:1      | Reached XP level 3. HP: 16/16 MP: 0/8
  1435 | D:1      | Learned a level 3 spell: Confusing Touch
  2015 | D:2      | Reached skill level 6 in Stealth
  2204 | D:2      | Reached XP level 4. HP: 7/21 MP: 0/9
  3257 | D:2      | Noticed Robin
  3281 | D:2      | Killed Robin
  3318 | D:2      | Reached skill level 7 in Stealth
  3318 | D:2      | Reached XP level 5. HP: 21/24 MP: 3/10
  3891 | D:3      | Found a glowing drain.
  4198 | Sewer    | Entered a sewer
  4221 | Sewer    | Noticed Purgy
  4291 | Sewer    | Killed Purgy
  4563 | Sewer    | Reached skill level 8 in Stealth
  4625 | Sewer    | Reached XP level 6. HP: 27/28 MP: 11/11
  4679 | D:3      | Found a shadowy altar of Dithmenos.
  4691 | D:3      | Became a worshipper of Dithmenos the Shadowed
  4716 | D:3      | Found a transporter.
  4751 | D:3      | Reached skill level 5 in Short Blades
  4843 | D:3      | You fall into a shaft and drop 1 floor!
  5107 | D:3      | Found a basalt altar of Yredelemnul.
  5236 | D:3      | Noticed liluieth's ghost (amateur DrHu)
  5259 | D:3      | Found a transporter.
  5494 | D:3      | Learned a level 3 spell: Tukima's Dance
  5680 | D:3      | Found an opulent altar of Gozag.
  5680 | D:3      | Found a sparkling altar of Nemelex Xobeh.
  5686 | D:3      | Found a shimmering blue altar of Sif Muna.
  5688 | D:3      | Found a glowing golden altar of the Shining One.
  5689 | D:3      | Found a faded altar of an unknown god.
  5766 | D:4      | Noticed a slave
  5766 | D:4      | Noticed a slave
  5828 | D:4      | Noticed Sigmund
  6223 | D:4      | Slain by an orc priest

Levels and vault maps discovered:
D:1:      minmay_arrival_checkered_box, layout_basic,
          chequers_serial_rivers_large_a
D:2:      kennysheep_big_flooded_room, layout_basic, uniq_robin
D:3:      layout_basic, nicolae_dithmenos_shadow_blocks,
          chequers_temple_overflow_minitemple, nicolae_overflow_crystal_walls,
          portal_sewer_entry_d, gammafunk_ghost_stat_death, first_ration,
          kennysheep_generic_room_6
D:4:      layout_gridville, minmay_misc_feat_rows, uniq_sigmund, uniq_pikel

Skill      XL: |  1  2  3  4  5  6 |
---------------+-------------------+-----
Stealth        | 5 6 7 8 |  8.0
Short Blades   | 2 3 4 5 |  5.0
Spellcasting   | 3 |  3.9
Hexes          | 4 |  4.6
Dodging        | |  3.0

Action                   |  1- 3 |  4- 6 || total
-------------------------+-------+-------++-------
Melee: Dagger            |    78 |   131 ||   209
       Short sword       |       |    71 ||    71
Throw: Stone             |     1 |     2 ||     3
 Cast: Corona            |    12 |       ||    12
       Ensorcelled Hiber |    40 |    73 ||   113
  Use: Potion            |       |     3 ||     3
       Scroll            |       |     5 ||     5
 Stab: Sleeping          |    24 |    47 ||    71
       Invisible         |       |     1 ||     1
       Distracted        |       |     1 ||     1
  Eat: Ration            |       |     4 ||     4
Armor: Robe              |    17 |     8 ||    25
Dodge: Dodged            |    67 |   151 ||   218

Table legend:
 A = Non-vault XP
 B = Vault XP
 C = Vault XP percentage of total XP
 D = Non-vault monster count
 E = Vault monster count
 F = Vault count percentage of total count
                 A         B        C        D         E       F
            +---------+---------+-------+---------+---------+-------
      Total |     470 |     199 |  29.7 |      91 |      21 |  18.8
            +---------+---------+-------+---------+---------+-------
        D:1 |      43 |       0 |   0.0 |      27 |       0 |   0.0
        D:2 |     123 |      39 |  24.1 |      26 |      13 |  33.3
        D:3 |     125 |      15 |  10.7 |      24 |       2 |   7.7
        D:4 |     179 |       0 |   0.0 |      14 |       0 |   0.0
      Sewer |       0 |     145 | 100.0 |       0 |       6 | 100.0
            +---------+---------+-------+---------+---------+-------
